 Dungeon Crawl Stone Soup version 0.31-a0-1059-g83d41fd8b6 (webtiles) character file.

Game seed: 13406312614990093570

27104 Maratek the Grappler (level 13, 0/119 HPs)
             Began as a Troll Fighter on Nov 21, 2023.
             Was the Champion of Hepliaklqana.
             Slain by a nine-headed hydra (7 damage)
             ... on level 3 of the Lair of Beasts.
             The game lasted 00:26:02 (12171 turns).

Maratek the Grappler (Troll Fighter)               Turns: 12171, Time: 00:26:02

Health: 0/119      AC:  7    Str: 37    XL:     13   Next: 2%
Magic:  0/12       EV: 16    Int:  4    God:    Hepliaklqana [******]
Gold:   783        SH: 15    Dex:  9    Spells: 12/12 levels left

rFire   + .          .
                       - Unarmed
rCold   + . .        b - +5 kite shield
rNeg    . . .        y - +2 troll leather armour
rPois   .            (helmet restricted)
rElec   .            h - scarf {rC+ rF+}
rCorr   .            (gloves unavailable)
SInv    .            (boots unavailable)
Will    .....        F - amulet of guardian spirit
Stlth   +            n - +5 ring of evasion
HPRegen 1.99/turn    f - +6 ring of strength
MPRegen 0.13/turn

%: guardian spirit
@: hasted, very quick
A: reduced essence, large, unfitting armour, claws 3, regeneration 1, shaggy fur
1, tough skin 1
a: Renounce Religion, Recall Ancestor, Ancestor Identity, Transference, Idealise


You were on level 3 of the Lair of Beasts.
You worshipped Hepliaklqana.
Hepliaklqana was exalted by your worship.
You visited 2 branches of the dungeon, and saw 17 of its levels.
You also visited: Volcano.

You collected 783 gold pieces.

Inventory:

Armour
 b - a +5 kite shield (worn)
 h - a scarf of resistance (worn)
 y - a +2 troll leather armour (worn)
Jewellery
 f - a +6 ring of strength (right claw)
 n - a +5 ring of evasion (left claw)
 F - an amulet of guardian spirit (around neck)
Wands
 k - a wand of flame (5)
 l - a wand of paralysis (24)
 C - a wand of quicksilver (4)
 D - a wand of iceblast (5)
Scrolls
 g - 4 scrolls of teleportation
 i - 3 scrolls of fog
 o - 3 scrolls of amnesia
Potions
 c - 3 potions of might
 d - 3 potions of curing
 j - 3 potions of enlightenment
 r - 2 potions of degeneration
 t - 3 potions of brilliance
 E - a potion of resistance {unknown}


   Skills:
 + Level 9.8 Fighting
 * Level 9.9 Dodging
 * Level 10.7 Shields
 * Level 11.5 Unarmed Combat


You had 12 spell levels left.
You didn't know any spells.
Your spell library contained the following spells:

 Spells                   Type           Power      Damage    Failure   Level
 Apportation              Tloc           0%         N/A       65%         1
 Necrotise                Necr           0%         1d4       65%         1
 Summon Small Mammal      Summ           0%         N/A       65%         1
 Call Canine Familiar     Summ           0%         N/A       95%         3
 Dazzling Flash           Conj/Hex       0%         N/A       95%         3
 Summon Guardian Golem    Hex/Summ       0%         N/A       95%         3
 Tukima's Dance           Hex            0%         N/A       95%         3
 Passage of Golubria      Tloc           0%         N/A       100%        4
 Agony                    Necr           0%         N/A       100%        5
 Alistair's Intoxication  Tmut/Pois      0%         N/A       100%        5
 Borgnjor's Vile Clutch   Necr/Erth      0%         N/A       100%        5
 Silence                  Hex/Air        0%         N/A       100%        5
 Yara's Violent Unravell  Hex/Tmut       0%         3d3       100%        5
 Eringya's Noxious Bog    Tmut/Pois      0%         4d6       100%        6


Dungeon Overview and Level Annotations

Branches:
Dungeon (13/15) Temple (0/1) D:6 Lair (4/5) D:11 Slime (0/5) Lair:4 Orc (0/2) D:10 Vaults (0/5) D:12 D:13 Volcano (visited) Swamp: Lair:2-3 Shoals: Lair:2-3 Snake: Lair:2-3 Spider: Lair:2-3

Altars:
Ashenzari
Hepliaklqana
Kikubaaqudgha
Nemelex Xobeh
Okawaru
Ru
Trog
Jiyva

Shops:
D:8 =   D:10 (

Annotations:
D:7 3 runed translucent doors, Gruesome's ghost, novice OpSh
D:10 3 runed translucent doors, eyesofgods1's ghost, journeyman DjCj
D:13 Lodul


Innate Abilities, Weirdness & Mutations

Your life essence is reduced to manifest your ancestor. (-10% HP)
You are too large for most types of armour.
You have claws for hands.
Your natural rate of healing is unusually fast.
You are covered in fur. (AC +1)
You have tough skin. (AC +1)


Message History

The seven-headed hydra bites you but does no damage.
You tear one of the seven-headed hydra's heads off!
The six-headed hydra grows two more!
You claw the eight-headed hydra!
The eight-headed hydra is severely wounded.
You block the eight-headed hydra's attack. x3
The eight-headed hydra completely misses you.
The eight-headed hydra closely misses you.
The eight-headed hydra bites you! The eight-headed hydra bites you.
The eight-headed hydra misses you.
You tear one of the eight-headed hydra's heads off!
The seven-headed hydra grows two more!
You mangle the nine-headed hydra!!
The nine-headed hydra is almost dead.
You block the six-headed hydra's attack. x3
The six-headed hydra misses you. x2
The six-headed hydra bites you but does no damage.
Unknown command.
You barely miss the nine-headed hydra.
The nine-headed hydra is almost dead.
You block the nine-headed hydra's attack. x2
The nine-headed hydra bites you!
You block the nine-headed hydra's attack.
The nine-headed hydra closely misses you. x2
The nine-headed hydra bites you!
The nine-headed hydra barely misses you.
The nine-headed hydra bites you!
The six-headed hydra bites you but does no damage.
The six-headed hydra bites you! The six-headed hydra barely misses you.
The six-headed hydra bites you!
* * * LOW HITPOINT WARNING * * *
The six-headed hydra closely misses you.
The six-headed hydra bites you!
* * * LOW HITPOINT WARNING * * *
You are too injured to fight recklessly!
Unknown command.
You are too injured to fight recklessly!
You feel yourself speed up. The nine-headed hydra bites you!
* * * LOW HITPOINT WARNING * * *
The nine-headed hydra bites you but does no damage.
The nine-headed hydra bites you!
You die...

##..........
#..........#
#P.........
#P..>.....##
#.........#
#...)....##
##...DDl...#
#.....@...##
#P..[......#
##........##
#.........#
#P##.P...##
## ###...#
#######...#
#.........#
##........##


You could see a nine-headed hydra, a six-headed hydra and a komodo dragon.

Vanquished Creatures
  A centaur warrior (D:13)
  A two-headed ogre (D:10)
  Urug (D:12)
  2 arcanists (D:12)
  3 deep elf pyromancers (D:12)
  2 slime creatures (D:12)
  5 cane toads
  Jeremiah (D:7)
  A gargoyle (D:11)
  3 rime drakes
  5 komodo dragons
  A kobold demonologist (D:11)
  2 polar bears
  3 trolls
  3 blink frogs (Lair:1)
  2 shadows
  A ynoxinul (D:12)
  10 yaks
  Sigmund (D:2)
  3 wyverns
  A basilisk (Lair:3)
  5 humans
  2 wraiths
  2 vampire mosquitoes (D:11)
  2 steam dragons (D:9)
  Duvessa (D:7)
  7 water moccasins
  A hell hound (Lair:1)
  4 orc warriors
  2 sky beasts
  3 ice beasts
  2 black bears
  An ogre (D:5)
  5 wolves (Lair:2)
  4 centaurs
  2 phantoms
  7 bullfrogs
  2 scorpions (D:5)
  4 wights (D:9)
  Dowan (D:7)
  11 killer bees
  6 howler monkeys
  4 jellies
  4 hounds
  A sleepcap (D:5)
  4 orc priests
  A gnoll bouda (D:8)
  7 iguanas
  7 orc wizards
  2 gnolls (D:8)
  4 adders
  2 white imps
  7 ufetubi
  2 worms
  3 dart slugs
  28 orcs
  9 endoplasms
  3 giant cockroaches
  6 goblins
  10 hobgoblins
  6 quokkas
  4 ball pythons
  3 bats (D:2)
  A frilled lizard (D:2)
  10 kobolds
  4 rats
  A spectral kobold (D:3)
259 creatures vanquished.

Vanquished Creatures (collateral kills)
  A catoblepas (Lair:1)
  A two-headed ogre (D:10)
  Sonja (D:10)
  A deep elf pyromancer (D:12)
  3 cane toads
  An unseen horror (D:11)
  A troll (D:10)
  A blink frog (Lair:1)
  A shadow (D:12)
  A ynoxinul (D:12)
  9 yaks
  3 vampire mosquitoes (D:11)
  An acid dragon (D:12)
  A hell hound (Lair:1)
  A sky beast (D:6)
  2 orc warriors (D:10)
  2 centaurs (D:13)
  A wolf (Lair:2)
  A kobold brigand (D:7)
  A bullfrog (D:8)
  2 wights
  6 killer bees (D:9)
  3 howler monkeys (D:8)
  A hound (D:5)
  A jelly (D:7)
  An orc priest (D:7)
  3 orc wizards
  A gnoll (D:8)
  2 adders
  4 ufetubi (D:12)
  8 orcs
  2 kobolds (D:7)
  A butterfly (D:6)
69 creatures vanquished.

Vanquished Creatures (others)
  An arcanist (D:9)
  6 battlemagi
7 creatures vanquished.

Grand Total: 335 creatures vanquished

Notes
Turn   | Place    | Note
-------+----------+-------------------------------------------
     0 | D:1      | Maratek the Troll Fighter began the quest for the Orb.
     0 | D:1      | Reached XP level 1. HP: 22/22 MP: 0/0
    69 | D:1      | Reached XP level 2. HP: 25/29 MP: 1/1
   600 | D:2      | Reached XP level 3. HP: 36/36 MP: 2/2
   686 | D:2      | Noticed Sigmund
   697 | D:2      | Killed Sigmund
   698 | D:2      | Reached skill level 3 in Unarmed Combat
   698 | D:2      | Reached XP level 4. HP: 38/45 MP: 3/3
   698 | D:2      | Reached XP level 5. HP: 45/53 MP: 4/4
  1933 | D:3      | Found a hazy altar of Hepliaklqana.
  2379 | D:3      | Became a worshipper of Hepliaklqana the Forgotten
  2496 | D:4      | Reached XP level 6. HP: 60/61 MP: 5/5
  2901 | D:4      | Found a broken altar of Ashenzari.
  2980 | D:4      | Found an iron altar of Okawaru.
  3058 | D:4      | Reached skill level 4 in Unarmed Combat
  3187 | D:5      | Entered Level 5 of the Dungeon
  3246 | D:5      | Reached XP level 7. HP: 68/68 MP: 6/6
  3281 | D:5      | Reached * piety under Hepliaklqana
  3458 | D:5      | Noticed a wyvern
  3467 | D:5      | Killed a wyvern
  3468 | D:5      | Reached skill level 5 in Shields
  3610 | D:5      | Reached skill level 5 in Unarmed Combat
  3610 | D:5      | Reached XP level 8. HP: 71/71 MP: 7/7
  4099 | D:6      | Found a staircase to the Ecumenical Temple.
  4234 | D:6      | Reached skill level 5 in Fighting
  4234 | D:6      | Reached skill level 5 in Dodging
  4453 | D:6      | Reached skill level 6 in Unarmed Combat
  4591 | D:6      | Reached XP level 9. HP: 72/79 MP: 8/8
  4631 | D:6      | Reached ** piety under Hepliaklqana
  4632 | D:6      | Remembered your ancestor Dave as a battlemage
  4941 | D:7      | Noticed Duvessa
  4941 | D:7      | Noticed Dowan
  4943 | D:7      | Killed Dowan
  4949 | D:7      | Killed Duvessa
  5251 | D:7      | Identified the +3 war axe "Gyiq" {heavy, Str+3}
  5357 | D:7      | Found a runed translucent gate.
  5358 | D:7      | Found a runed translucent gate.
  5359 | D:7      | Found a runed translucent gate.
  5359 | D:7      | Noticed Gruesome's ghost (novice OpSh)
  5360 | D:7      | Identified the +0 plate armour "Toozutij" {Dex+7}
  5361 | D:7      | Identified the +1 sling of Watchfulness {antimagic,
                  | *Corrode Int+4 Dex+5}
  5564 | D:7      | Noticed Jeremiah
  5630 | D:7      | Killed Jeremiah
  5820 | D:8      | Reached skill level 7 in Unarmed Combat
  5831 | D:8      | Found a sacrificial altar of Ru.
  6065 | D:8      | Found an ancient bone altar of Kikubaaqudgha.
  6137 | D:8      | Reached *** piety under Hepliaklqana
  6209 | D:8      | Found Ureckav's Jewellery Emporium.
  6350 | D:9      | Reached XP level 10. HP: 90/90 MP: 9/9
  7130 | D:9      | Found a bloodstained altar of Trog.
  7131 | D:9      | Noticed an arcanist
  7136 | D:9      | Killed an arcanist
  7398 | D:10     | Entered Level 10 of the Dungeon
  7410 | D:10     | Reached skill level 8 in Unarmed Combat
  7447 | D:10     | Reached **** piety under Hepliaklqana
  7463 | D:10     | Found a sparkling altar of Nemelex Xobeh.
  7498 | D:10     | Noticed a two-headed ogre
  7503 | D:10     | Killed a two-headed ogre
  7529 | D:10     | Noticed a two-headed ogre
  7533 | D:10     | Killed a two-headed ogre
  7825 | D:10     | Noticed Sonja
  7834 | D:10     | Killed Sonja
  7835 | D:10     | Reached XP level 11. HP: 78/98 MP: 10/10
  7887 | D:10     | Found a runed translucent gate.
  7889 | D:10     | Found a runed translucent gate.
  7891 | D:10     | Found a runed translucent gate.
  7896 | D:10     | Noticed a ten-headed hydra
  7896 | D:10     | Noticed a 12-headed hydra
  7897 | D:10     | Noticed eyesofgods1's ghost (journeyman DjCj)
  8022 | D:10     | Found Mycauthy's Antique Weapon Shop.
  8085 | D:10     | Found a staircase to the Orcish Mines.
  8086 | D:10     | You fall into a shaft and drop 2 floors!
  8141 | D:12     | Noticed a deep elf pyromancer
  8157 | D:12     | Killed a deep elf pyromancer
  8158 | D:12     | Reached skill level 9 in Unarmed Combat
  8169 | D:12     | Noticed a deep elf pyromancer
  8184 | D:12     | Killed a deep elf pyromancer
  8728 | D:11     | Found a staircase to the Lair.
  9373 | D:12     | Reached ***** piety under Hepliaklqana
  9484 | D:12     | Noticed an arcanist
  9540 | D:12     | Noticed a deep elf pyromancer
  9550 | D:12     | Killed a deep elf pyromancer
  9554 | D:12     | Noticed an arcanist
  9567 | D:12     | Killed an arcanist
  9568 | D:12     | Reached skill level 10 in Unarmed Combat
  9619 | D:12     | Killed an arcanist
  9639 | D:12     | Noticed a deep elf pyromancer
  9645 | D:12     | Killed a deep elf pyromancer
  9646 | D:12     | Reached XP level 12. HP: 109/109 MP: 11/11
  9744 | D:13     | Noticed Urug
  9744 | D:13     | Noticed Lodul
  9744 | D:13     | Noticed a centaur warrior
  9744 | D:13     | Found a gate to the Vaults.
  9796 | D:12     | Killed Urug
  9981 | D:13     | Noticed a centaur warrior
  9990 | D:13     | Killed a centaur warrior
 10209 | Lair:1   | Entered Level 1 of the Lair of Beasts
 10259 | Lair:1   | Reached skill level 10 in Shields
 10261 | Lair:1   | Noticed a catoblepas
 10270 | Lair:1   | Killed a catoblepas
 10834 | Lair:1   | Found a dark tunnel.
 10848 | Volcano  | Entered a volcano
 10865 | Volcano  | Noticed an ogre mage
 10865 | Volcano  | Paralysed by an ogre mage for 5 turns
 10866 | Volcano  | Noticed a two-headed ogre
 10868 | Volcano  | Noticed a two-headed ogre
 11233 | Lair:2   | Reached skill level 11 in Unarmed Combat
 11948 | Lair:2   | You fall into a shaft and drop 2 floors!
 11995 | Lair:4   | Reached ****** piety under Hepliaklqana
 12036 | Lair:4   | Found a viscous altar of Jiyva.
 12036 | Lair:4   | Found a staircase to the Slime Pits.
 12040 | Lair:4   | Reached XP level 13. HP: 118/118 MP: 12/12
 12171 | Lair:3   | Slain by a nine-headed hydra

Illustrated notes

Levels and vault maps discovered:
D:1:      onia_arrival_mini_spirals, layout_basic,
          amcnicky_mini_corridor_feature, minmay_tree_intersection
D:2:      layout_basic, uniq_sigmund
D:3:      layout_basic, nicolae_hepliaklqana_monster_ancestors,
          hangedman_decor_push, corner_web_ring
D:4:      layout_cave_pods, lemuel_tele_altar, mainiacjoe_overflow_brackets
D:5:      layout_loops_corners
D:6:      layout_loops_cross, minmay_temple_entry_butterflies, hex_medium
D:7:      layout_loops_ring, biasface_ghost_orc_armoury, grunt_decor_resistance,
          uniq_duvessa, uniq_jeremiah
D:8:      cheibrodos_elevator_heist, layout_rooms, nicolae_ru_awakened_eye,
          mainiacjoe_overflow_tiny_flanked, serial_shops,
          nicolae_shop_advertising_works [nicolae_subvault_shop_adworks],
          minmay_misc_feat_encased, minmay_crossroads
D:9:      layout_stronghold, trog_wizard, serial_glass, glass_columns_a,
          glass_columns_a
D:10:     layout_roguey, lemuel_crystal_altar, david_orc_4,
          gammafunk_ghost_hydra_chop, serial_shops, shop, uniq_sonja
D:11:     layout_basic, lair_entry_dummy
D:12:     cheibrodos_lost_city_excavation, layout_loops_cross, nicolae_fort_ynox
D:13:     layout_stronghold, david_vaults_3
Lair:1:   layout_regular_city, enter_volcano_3, chequers_serial_rivers_small_a,
          lemuel_fruit_fields, grunt_megastairs_1, serial_bayou_shore_b,
          lemuel_fruit_tree
Lair:2:   nzn_winding_woodlands_three_and_one
          [nzn_winding_woodlands_5x15_river_crossing,
          nzn_winding_woodlands_5x15_cabin, nzn_winding_woodlands_5x15_jagged,
          nzn_winding_woodlands_center_diamonds], layout_layer_cave,
          dummy_snake_entry
Lair:3:   layout_small_grid, nicolae_shoals_entry_roost, uniq_gastronok
Lair:4:   layout_hall_layers, slime_entry_1, st_stairs_5, serial_bayou_shore_b

Skill      XL: |  1  2  3  4  5  6  7  8  9 10 11 12 |
---------------+-------------------------------------+-----
Shields        | 3 4 5 6 7 8 9 10 | 10.7
Fighting       | 3 4 5 6 7 8 9 |  9.8
Dodging        | 3 4 5 6 7 8 9 |  9.9
Unarmed Combat | 3 4 5 6 7 8 10 11 | 11.5

Action                     |  1- 3 |  4- 6 |  7- 9 | 10-12 | 13-15 || total
---------------------------+-------+-------+-------+-------+-------++-------
  Melee: Unarmed           |    69 |   144 |   252 |   465 |    16 ||   946
 Invoke: Ancestor Life: Ba |       |       |     1 |       |       ||     1
         Ancestor Identity |       |       |     1 |       |       ||     1
         Recall Ancestor   |       |       |       |     3 |     1 ||     4
    Use: Scroll            |       |    12 |     4 |    15 |       ||    31
         Potion            |       |       |     2 |     2 |     1 ||     5
   Stab: Sleeping          |       |     1 |       |       |       ||     1
         Distracted        |       |       |     1 |     3 |       ||     4
 Armour: Robe              |    34 |    43 |    88 |    47 |       ||   212
         Troll leather arm |       |       |       |   144 |    27 ||   171
  Dodge: Dodged            |    16 |    57 |    89 |   265 |    16 ||   443
  Block: Kite shield       |    36 |    40 |   146 |   395 |    14 ||   631

Table legend: (Time is in decaauts)
 A = Elapsed time spent in this place.
 B = Non-inter-level travel time spent in this place.
 C = Inter-level travel time spent in this place.
 D = Time resting spent in this place.
 E = Time spent auto-exploring this place.
 F = Levels seen in this place.
 G = Mean time per level.
                   A        B        C        D        E       F      G
               +--------+--------+--------+--------+--------+-----+--------+
         Total |  12125 |  11402 |    723 |    138 |   9160 |  18 |  673.6 |
       Dungeon |  10186 |   9481 |    705 |    138 |   7569 |  13 |  783.5 |
          Lair |   1895 |   1877 |     18 |      0 |   1576 |   4 |  473.8 |
       Volcano |     43 |     43 |      0 |      0 |     15 |   1 |   43.0 |
               +--------+--------+--------+--------+--------+-----+--------+

Top non-repeatable levels by time:
     D:9: 1008 daAuts
    D:10: 937 daAuts
     D:2: 930 daAuts
     D:3: 914 daAuts
     D:5: 910 daAuts
  Lair:1: 898 daAuts
     D:7: 861 daAuts
     D:6: 841 daAuts
  Lair:2: 778 daAuts
     D:4: 773 daAuts
    D:12: 768 daAuts
    D:11: 753 daAuts
     D:1: 579 daAuts
     D:8: 577 daAuts
    D:13: 329 daAuts
